 Dungeon Crawl Stone Soup version 0.23-a0-14-g8c9a20f (webtiles) character file.

8495 Amnesiac the Conjurer (level 11, -21/68 HPs)
             Began as a Mummy Fire Elementalist on Aug 2, 2018.
             Was a High Priest of Vehumet.
             Hit by a large rock thrown by a cyclops (43 damage)
             ... on level 11 of the Dungeon.
             The game lasted 00:23:54 (10742 turns).

Amnesiac the Conjurer (Mummy Fire Elementalist)    Turns: 10742, Time: 00:23:55

Health: -21/68     AC: 14    Str: 13    XL:     11   Next: 10%
Magic:  21/22      EV: 12    Int: 17    God:    Vehumet [*****.]
Gold:   806        SH:  4    Dex:  9    Spells: 7/24 levels left

rFire    . . .     SeeInvis .   a - +7 flail "Xocs" {crush, rF+ rC+ MR+ Dex-3}
rCold    + + .     Gourm    .   c - +0 buckler
rNeg     + + +     Faith    +   x - +0 steam dragon scales
rPois    ∞         Spirit   .   (no helmet)
rElec    .         Reflect  .   q - +2 cloak
rCorr    .         Harm     .   o - +0 pair of gloves
MR       ++...                  i - +2 pair of boots
Stlth    +++.......             j - amulet of faith
HPRegen  0.21/turn              d - +2 ring of protection
MPRegen  0.18/turn              A - ring of stealth

@: no status effects
A: no food or potions, fire vulnerability, cold resistance 1, negative energy
resistance 3, torment resistance, unbreathing
a: Renounce Religion


You were on level 11 of the Dungeon.
You worshipped Vehumet.
Vehumet was extremely pleased with you.
You were not hungry.

You visited 2 branches of the dungeon, and saw 12 of its levels.

You collected 806 gold pieces.

Inventory:

Hand Weapons
 a - the +7 flail "Xocs" (weapon) {crush, rF+ rC+ MR+ Dex-3}
   (You found it on level 6 of the Dungeon)

   It inflicts extra damage upon your enemies.
   It affects your dexterity (-3).
   It protects you from fire.
   It protects you from cold.
   It affects your resistance to hostile enchantments.
 b - a +3 whip of electrocution
 u - a +1 dagger of venom
 w - a +1 dagger of draining
Armour
 c - a +0 buckler (worn)
 i - a +2 pair of boots (worn)
 o - a +0 pair of gloves (worn)
 q - a +2 cloak (worn)
 x - +0 steam dragon scales (worn)
Jewellery
 d - a +2 ring of protection (left hand)
 j - an amulet of faith (around neck)
 t - an uncursed ring of ice
 A - a ring of stealth (right hand)
 B - an uncursed ring of magical power {unknown}
Wands
 e - a wand of random effects (43)
 h - a wand of paralysis (18)
 m - a wand of flame (60)
 n - a wand of polymorph (26)
 v - a wand of disintegration (10)
Scrolls
 f - 2 scrolls of magic mapping {!r}
 g - 4 scrolls of teleportation {!r}
 k - 2 scrolls of fog {!r}
 p - 2 scrolls of amnesia {!r}
 r - 6 scrolls of identify {!r}
 s - a scroll of vulnerability {!r}
 y - 2 scrolls of blinking {!r}
 z - a scroll of fear {!r}
Miscellaneous
 l - a fan of gales (inert)


   Skills:
 - Level 1.5 Dodging
 - Level 1.5 Stealth
 - Level 4.0 Shields
 + Level 7.4 Spellcasting
 * Level 7.7 Conjurations
 * Level 7.6 Fire Magic
 * Level 7.6 Ice Magic


You had 7 spell levels left.
You knew the following spells:

 Your Spells              Type           Power        Failure   Level  Hunger
a - Flame Tongue          Conj/Fire      ####.        1%          1    N/A
b - Throw Frost           Conj/Ice       ####..       1%          2    N/A
d - Fireball              Conj/Fire      ####......   3%          5    N/A
e - Sticky Flame          Conj/Fire      ####....     1%          4    N/A
s - Conjure Flame         Conj/Fire      ####....     1%          3    N/A
v - Blink                 Tloc           N/A          17%         2    N/A

Your spell library contained the following spells:

 Spells                   Type           Power        Failure   Level  Hunger
 Magic Dart               Conj           ####         1%          1    N/A
 Slow                     Hex            #.......     17%         2    N/A
 Confuse                  Hex            #.......     32%         3    N/A
 Throw Flame              Conj/Fire      ####..       1%          2    N/A
 Mephitic Cloud           Conj/Pois/Air  ###.....     3%          3    N/A
 Animate Dead             Necr           N/A          73%         4    N/A
 Pain                     Necr           #...         11%         1    N/A
 Animate Skeleton         Necr           N/A          11%         1    N/A
 Vampiric Draining        Necr           #.........   32%         3    N/A
 Call Imp                 Summ           #.......     17%         2    N/A
 Regeneration             Chrm/Necr      #.........   32%         3    N/A
 Tukima's Dance           Hex            #.......     32%         3    N/A
 Ensorcelled Hibernation  Hex/Ice        ###...       3%          2    N/A
 Corona                   Hex            #......      11%         1    N/A
 Inner Flame              Hex/Fire       ###.....     1%          3    N/A
 Dazzling Spray           Conj/Hex       ###...       1%          3    N/A

Dungeon Overview and Level Annotations

Branches:
Dungeon (11/15)            Temple (1/1) D:4            Lair (0/6) D:8
    Orc (0/2) D:11

Altars:
Ashenzari
Cheibriados
Elyvilon
Makhleb
Okawaru
Ru
Vehumet
Wu Jian
Xom
Yredelemnul
Zin
The Shining One
Jiyva

Shops:
D:5 :   D:7 ?


Innate Abilities, Weirdness & Mutations

You do not eat or drink.
Your flesh is vulnerable to fire.
You are immune to poison.
Your flesh is cold resistant. (rC+)
You are immune to negative energy. (rN+++)
You are immune to unholy pain and torment.
You can survive without breathing.


Message History

Found a club.
You see here a ration.
Found an animal skin.
There is an open door here.
HP restored.
Key pressed, stopping explore.
There is a staircase to the Orcish Mines here.
Items here: ! ) [ ÷ a leather armour; a potion of degeneration {!q}; a hand axe; an orc skeleton
Items here: ! ( )) [ a club; a leather armour; a stone; a trident; 2 potions of degeneration {!q}
Things that are here:
a dagger; a robe; a swamp drake corpse
Items here: ! ( ) [ ÷ a club; 11 stones; an animal skin; a potion of degeneration {!q} an orc skeleton
Items here: ! ( )) [ a war axe of holy wrath; a plate armour; 3 potions of degeneration {!q} a stone; a trident
Things that are here:
a short sword; a mace; a leather armour
Items here: ))) [[ a club; a dagger; a chain mail; a leather armour; a whip A cyclops comes into view.
The cyclops shouts!
Found 27 stones.
A cyclops is nearby!
An adder comes into view.
The cyclops throws a large rock.
The large rock completely misses you.
A cyan ugly thing comes into view.
There is a large open door here.
There is a large open door here.
The cyan ugly thing gurgles horribly!
There is a stone staircase leading up here.
Casting: Sticky Flame (safe; 1% risk of failure)
Confirm with . or Enter, or press ? or * to list all spells.
Aiming: Conjure Flame (safe; 1% risk of failure)
Press: ? - help, Dir - move target cursor The fire ignites!
Casting: Conjure Flame (safe; 1% risk of failure)
Confirm with . or Enter, or press ? or * to list all spells.
Aiming: Sticky Flame (safe; 1% risk of failure)
Press: ? - help, Shift-Dir - straight line, f - cyan ugly thing
Aim: a cyan ugly thing (flame)
The sticky flame hits the cyan ugly thing.
The cyan ugly thing is lightly wounded.
The cyan ugly thing is covered in liquid flames!
The cyan ugly thing burns!
The cyan ugly thing is engulfed in blazing flames.
The cyan ugly thing headbutts you! The cyan ugly thing shocks you!
You thump the cyan ugly thing!
The cyan ugly thing is heavily wounded.
The cyan ugly thing burns! x2
The cyan ugly thing is engulfed in blazing flames.
The cyan ugly thing headbutts you! The cyan ugly thing shocks you!
* * * LOW HITPOINT WARNING * * *
You sock the cyan ugly thing!
You kill the cyan ugly thing!
Vehumet accepts your kill.
You feel your power returning.
Unknown command.
The cyclops throws a large rock.
The large rock hits you!!!
Ouch! That really hurt!
You die...

#.(#.##.#####......# #......
##..#'##).......###########..
#......#.......>.............
#.....)'.....).#######.......
#.....C##......# #.......
#......''......# #.......
#......##......# #.......
#......#....§..# #.......
#......#....@#.# #.......
#......#######.# ######'#
#......).!.....# #.#
#.......######## #.#
#######.## #.# #.(# #.#
############.# #.#
...........#)# #.#
.......[#..#)# #.#


You could see a cyclops.

Vanquished Creatures
  A two-headed ogre (D:11)
  Pikel (D:4)
  An ugly thing (D:11)
  2 trolls (D:11)
  2 hippogriffs
  Sigmund (D:2)
  A vampire (D:9)
  6 yaks (D:10)
  4 vampire mosquitoes (D:8)
  A hungry ghost (D:8)
  Edmund (D:6)
  A water moccasin (D:6)
  A swamp drake (D:11)
  4 slaves (D:5)
  6 orc warriors
  An ice beast (D:7)
  A phantom (D:10)
  3 ogres
  6 centaurs
  A wyvern zombie (D:8)
  A bullfrog (D:7)
  A wyvern skeleton (D:10)
  A water moccasin skeleton (D:5)
  8 killer bees
  4 wights (D:9)
  2 electric eels (D:10)
  3 howler monkeys
  2 crimson imps
  A quasit (D:7)
  3 hounds
  A gnoll shaman (D:6)
  4 jellies
  9 orc priests
  A bullfrog skeleton (D:11)
  Ijyb (D:4)
  An iguana (D:11)
  9 orc wizards
  12 worker ants
  A killer bee zombie (D:10)
  A hound skeleton (D:5)
  2 worker ant zombies
  15 gnolls
  A howler monkey skeleton (D:9)
  11 adders
  A shadow imp (D:6)
  7 oozes
  A dart slug (D:1)
  6 leopard geckos
  40 orcs
  2 ball pythons
  8 bats
  5 giant cockroaches
  5 goblins
  8 hobgoblins
  8 jackals
  6 kobolds
  7 quokkas
  3 frilled lizards
  A jackal skeleton (D:7)
  A leopard gecko zombie (D:8)
  8 rats
257 creatures vanquished.

Notes
Turn   | Place    | Note
-------+----------+-------------------------------------------
     0 | D:1      | Amnesiac the Mummy Fire Elementalist began the quest for the Orb.
     0 | D:1      | Reached XP level 1. HP: 13/13 MP: 4/4
   120 | D:1      | Reached skill level 1 in Conjurations
   353 | D:2      | Reached XP level 2. HP: 19/19 MP: 1/5
   390 | D:2      | Noticed Sigmund
   639 | D:1      | Reached XP level 3. HP: 8/24 MP: 4/7
   644 | D:1      | Learned a level 3 spell: Conjure Flame
  1300 | D:2      | Reached XP level 4. HP: 30/30 MP: 0/8
  1306 | D:2      | Learned a level 4 spell: Sticky Flame
  1646 | D:4      | Noticed an ogre
  1684 | D:5      | Entered Level 5 of the Dungeon
  1703 | D:4      | Found a staircase to the Ecumenical Temple.
  1709 | Temple   | Entered the Ecumenical Temple
  1716 | Temple   | Became a worshipper of Vehumet
  2155 | D:4      | Noticed Ijyb
  2455 | D:4      | Killed an ogre
  2455 | D:4      | Reached XP level 5. HP: 35/35 MP: 0/10
  2647 | D:2      | Killed Sigmund
  2647 | D:2      | Reached XP level 6. HP: 29/41 MP: 0/12
  2680 | D:1      | Found a hazy altar of Hepliaklqana.
  2682 | D:1      | Found a shimmering altar of Xom.
  2682 | D:1      | Found a sacrificial altar of Ru.
  2684 | D:1      | Found a hazy altar of Hepliaklqana.
  2684 | D:1      | Found a burning altar of Makhleb.
  2684 | D:1      | Found a hide-covered altar of Uskayaw.
  3146 | D:2      | Found a glowing golden altar of the Shining One.
  3331 | D:3      | Reached * piety under Vehumet
  3331 | D:3      | Offered knowledge of Magic Dart by Vehumet.
  3521 | D:3      | Reached XP level 7. HP: 46/46 MP: 0/13
  4111 | D:4      | Found a shattered altar of Ashenzari.
  4332 | D:4      | Learned a level 5 spell: Fireball
  5160 | D:5      | Found Caygimos's Book Emporium.
  5176 | D:5      | Noticed Pikel
  5207 | D:4      | Killed Pikel
  5207 | D:4      | Reached skill level 1 in Shields
  5207 | D:4      | Reached skill level 5 in Spellcasting
  5207 | D:4      | Reached skill level 5 in Conjurations
  5207 | D:4      | Reached skill level 5 in Fire Magic
  5207 | D:4      | Reached XP level 8. HP: 39/52 MP: 4/15
  5673 | D:4      | Killed Ijyb
  5957 | D:6      | Reached ** piety under Vehumet
  5957 | D:6      | Offered knowledge of Sandblast by Vehumet.
  6039 | D:6      | Got a crude flail
  6097 | D:6      | Identified the +7 flail "Xocs" {crush, rF+ rC+ MR+ Dex-3} (You found it on level 6 of the Dungeon)
  6281 | D:6      | Noticed Edmund
  6306 | D:6      | Killed Edmund
  6447 | D:6      | Found a glowing silver altar of Zin.
  6457 | D:6      | Reached XP level 9. HP: 56/57 MP: 2/18
  6468 | D:6      | Got a dazzling battleaxe
  6848 | D:6      | Identified the +0 battleaxe of Vodka {freeze, rF+} (You found it on level 6 of the Dungeon)
  6883 | D:7      | Offered knowledge of Throw Frost by Vehumet.
  6897 | D:7      | Learned a level 2 spell: Blink
  6900 | D:7      | Learned a level 2 spell: Throw Frost
  7084 | D:7      | Found Nibydd's Magic Scroll Emporium.
  7104 | D:7      | Reached *** piety under Vehumet
  7240 | D:8      | You fall through a shaft for 3 floors!
  7252 | D:11     | Noticed a two-headed ogre
  7301 | D:10     | Entered Level 10 of the Dungeon
  7653 | D:9      | Offered knowledge of Olgreb's Toxic Radiance by Vehumet.
  7849 | D:8      | Found a staircase to the Lair.
  7999 | D:8      | Reached **** piety under Vehumet
  8013 | D:8      | Offered knowledge of Venom Bolt by Vehumet.
  8099 | D:8      | Found a viscous altar of Jiyva.
  8279 | D:8      | Reached skill level 1 in Ice Magic
  8279 | D:8      | Reached XP level 10. HP: 45/63 MP: 16/20
  8921 | D:10     | Reached skill level 5 in Ice Magic
  9319 | D:10     | Reached ***** piety under Vehumet
 10011 | D:11     | Offered knowledge of Force Lance by Vehumet.
 10015 | D:11     | Noticed a two-headed ogre
 10028 | D:11     | Killed a two-headed ogre
 10190 | D:11     | Found a staircase to the Orcish Mines.
 10410 | D:11     | Reached XP level 11. HP: 61/68 MP: 9/21
 10731 | D:11     | Noticed a cyan ugly thing
 10741 | D:11     | Killed a cyan ugly thing
 10742 | D:11     | Hit by a large rock thrown by a cyclops

Vault maps used:
D:1:      dpeg_arrival_arbitrary_c, minmay_misc_feat_five, eino_curves_01,
          doesnt_xom_only_xom
D:2:      lemuel_upstairs_altar, uniq_sigmund
D:3:      first_ration
D:4:      marbit_many_paths, temple_statues, uniq_ijyb
D:5:      serial_shops, shop, uniq_pikel
D:6:      basic_altar, uniq_edmund
D:7:      serial_shops, shop
D:8:      lair_entry_dummy, hangedman_little_slice_of_home, grunt_ministairs_14
D:10:     minmay_door_square, serial_park_tiny_1
D:11:     erik_orc_1
Temple:   regret_index_temple_sigil_plot

Skill      XL: |  1  2  3  4  5  6  7  8  9 10 |
---------------+-------------------------------+-----
Conjurations   | 1 2 3 4 5 6 7 |  7.7
Spellcasting   | 3 4 5 6 7 |  7.4
Fire Magic     | 3 4 5 6 7 |  7.6
Shields        | 1 2 4 |  4.0
Ice Magic      | 1 7 |  7.6
Dodging        | |  1.5
Stealth        | |  1.5

Action                   |  1- 3 |  4- 6 |  7- 9 | 10-12 || total
-------------------------+-------+-------+-------+-------++-------
Melee: Short sword       |     5 |       |       |       ||     5
       Spear             |       |    11 |    11 |       ||    22
       Whip              |       |       |    61 |       ||    61
       Flail             |       |       |    77 |    61 ||   138
 Cast: Flame Tongue      |    42 |    93 |    46 |    34 ||   215
       Conjure Flame     |       |     2 |     6 |     8 ||    16
       Sticky Flame      |       |     4 |    71 |    39 ||   114
       Fireball          |       |       |     4 |    11 ||    15
       Throw Frost       |       |       |       |     8 ||     8
Evoke: Wand              |       |       |       |     3 ||     3
       Fan of gales      |       |       |       |     1 ||     1
  Use: Scroll            |       |    10 |     8 |     4 ||    22
Armor: Robe              |     6 |    11 |   102 |     5 ||   124
       Steam dragon scal |       |       |       |    43 ||    43
Dodge: Dodged            |    14 |    44 |   159 |    49 ||   266
Block: Buckler           |       |       |    38 |    23 ||    61

Table legend:
 A = Spawn XP
 B = Non-spawn XP
 C = Spawn XP percentage of total XP
 D = Spawn monster count
 E = Non-spawn monster count
 F = Spawn count percentage of total count
 G = Total turns spent on level
                    A         B        C        D         E        F      G
               +---------+---------+-------+---------+---------+-------+---------
         Total |       0 |   12136 |   0.0 |       0 |     253 |   0.0 | 10742
               +---------+---------+-------+---------+---------+-------+---------
           D:1 |       0 |      48 |   0.0 |       0 |      17 |   0.0 |  1252
           D:2 |       0 |     306 |   0.0 |       0 |      20 |   0.0 |   615
           D:3 |       0 |     246 |   0.0 |       0 |      33 |   0.0 |  1162
           D:4 |       0 |     895 |   0.0 |       0 |       8 |   0.0 |  1702
           D:5 |       0 |     441 |   0.0 |       0 |       9 |   0.0 |   978
           D:6 |       0 |     980 |   0.0 |       0 |      34 |   0.0 |   995
           D:7 |       0 |     659 |   0.0 |       0 |      18 |   0.0 |   343
           D:8 |       0 |    1740 |   0.0 |       0 |      29 |   0.0 |   756
           D:9 |       0 |    1076 |   0.0 |       0 |      18 |   0.0 |   681
          D:10 |       0 |    2471 |   0.0 |       0 |      27 |   0.0 |   999
          D:11 |       0 |    3272 |   0.0 |       0 |      39 |   0.0 |  1100
        Temple |       0 |       2 |   0.0 |       0 |       1 |   0.0 |   159
               +---------+---------+-------+---------+---------+-------+---------
